 Dungeon Crawl Stone Soup version 0.16.2-12-gd0ad4c3 (webtiles) character file.

48503 Peloso the Blocker (level 14, -3/129 HPs)
             Began as a Minotaur Fighter on Oct 2, 2015.
             Was the Champion of Okawaru.
             Slain by an orc warrior
             ... wielding a +0 war axe
              (16 damage)
             ... on level 4 of the Orcish Mines on Oct 3, 2015.
             The game lasted 01:23:51 (19813 turns).

Peloso the Blocker (Minotaur Fighter)              Turns: 19813, Time: 01:23:52

Health: -3/129     AC: 26    Str: 35    XL:     14   Next: 12%
Magic:  0/0        EV: 12    Int:  8    God:    Okawaru [******]
Gold:   2224       SH:  8    Dex: 12    Spells: 0 memorised, 13 levels left

rFire  + + .     SeeInvis .     K - +11 flail "Doduss" {antimagic, Str+4}
rCold  + . .     Clarity  .     n - +2 plate armour {rF+}
rNeg   . . .     SustAb   .     W - +1 buckler {rC+ rF+}
rPois  +         Gourm    .     o - +0 hat
rElec  .         Spirit   .     w - +2 cloak {rPois}
rCorr  .         Warding  .     y - +2 pair of gloves
rMut   +         Stasis   .     r - +0 pair of boots {run}
MR     ++...                    g - amulet of resist mutation
Stlth  ..........               X - ring "Khihiong" {Contam MR+ MP-9 Str+4 Int+3 Slay+2}
                                N - +3 ring of strength

@: quick, very resistant to hostile enchantments, extremely unstealthy
A: retaliatory headbutt, horns 2
a: Heroism, Finesse, Renounce Religion


You were on level 4 of the Orcish Mines.
You worshipped Okawaru.
Okawaru was exalted by your worship.
You were very hungry.

You visited 3 branches of the dungeon, and saw 19 of its levels.
You also visited: Ossuary.

You collected 2658 gold pieces.
You spent 434 gold pieces at shops.

Inventory:

Hand weapons
 a - a +1 long sword
 K - the +11 flail "Doduss" (weapon) {antimagic, Str+4}
   (You found it on level 9 of the Dungeon)

   It disrupts the flow of magical energy around spellcasters and certain
   magical creatures (including the wielder).
   It affects your strength (+4).
 Z - the +6 rapier of Twuatoufa {flame, +Blink rC+ MR- Dex+2}
   (You found it on level 12 of the Dungeon)

   It has been specially enchanted to burn those struck by it, causing extra
   injury to most foes and up to half again as much damage against particularly
   susceptible opponents.
   It affects your dexterity (+2).
   It protects you from cold.
   It affects your resistance to hostile enchantments.
   It lets you blink.
Armour
 b - a +2 leather armour of fire resistance
 c - a +0 shield of reflection
 m - a +0 plate armour
 n - a +2 plate armour of fire resistance (worn)
 o - a +0 hat (worn)
 r - a +0 pair of boots of running (worn)
 w - a +2 cloak of poison resistance (worn)
 y - a +2 pair of gloves (worn)
 W - a +1 buckler of resistance (worn)
Jewellery
 g - an amulet of resist mutation (around neck)
 p - an uncursed ring of protection from fire
 N - a +3 ring of strength (left hand)
 R - an uncursed ring of flight
 X - the ring "Khihiong" (right hand) {Contam MR+ MP-9 Str+4 Int+3 Slay+2}
   (You found it on level 14 of the Dungeon)

   [ring of protection from magic]

   It affects your strength (+4).
   It affects your intelligence (+3).
   It affects your accuracy and damage with ranged weapons and melee attacks
   (+2).
   It affects your resistance to hostile enchantments.
   It affects your magic capacity (-9).
   It causes magical contamination when unequipped.
Magical devices
 G - a wand of digging (4)
Scrolls
 i - 2 scrolls of enchant weapon
 j - 3 scrolls of magic mapping
 l - 2 scrolls of recharging
 B - a scroll of silence {unknown}
 J - a scroll of amnesia
 Y - a scroll of remove curse
Potions
 e - 2 potions of might
 f - 4 potions of heal wounds
 h - 3 potions of restore abilities
 k - a potion of beneficial mutation {unknown}
 t - 2 potions of resistance
 x - a potion of magic
 A - 6 potions of cancellation
 C - 3 potions of cure mutation
 E - 3 potions of brilliance
 H - 8 potions of curing {unknown}
 I - 2 potions of agility
 Q - a potion of lignification {unknown}
 V - 3 potions of haste
Comestibles
 d - 7 bread rations
 q - 5 meat rations
 z - 8 fruits
 F - 11 royal jellies


   Skills:
 + Level 13.5 Fighting
 + Level 3.4(6.3) Short Blades
 + Level 9.1(9.4) Long Blades
 + Level 12.5 Maces & Flails
 + Level 13.3 Armour
 + Level 6.9 Dodging
 + Level 1.7 Stealth
 + Level 14.6 Shields
 + Level 0.4 Invocations


You had 13 spell levels left.
You didn't know any spells.

Dungeon Overview and Level Annotations

Branches:
Dungeon (14/15)            Temple (1/1) D:5            Lair (0/8) D:10
    Orc (4/4) D:9             Elf (0/3) Orc:4        Vaults (0/5) D:13

Altars:
Ashenzari
Cheibriados
Dithmenos
Elyvilon
Fedhas
Gozag
Kikubaaqudgha
Makhleb
Nemelex Xobeh
Okawaru
Qazlal
Ru
Sif Muna
Trog
Vehumet
Xom
Yredelemnul
Zin
The Shining One

Shops:
D:4 [:[   D:5 ?   D:10 !   Orc:1 (   Orc:2 (*   Orc:4 =


Innate Abilities, Weirdness & Mutations

You reflexively headbutt those who attack you in melee.
You have a pair of horns on your head.


Message History

The orc knight hits you but does no damage.
The orc warrior hits you with a war axe!!
* * * LOW HITPOINT WARNING * * *
Unknown command.
You bludgeon the orc knight!!
You headbutt the orc knight, but do no damage.
The orc knight is almost dead.
Unknown command.
You barely miss the orc knight. Your headbutt misses the orc knight.
The orc knight is almost dead.
You block the orc knight's attack.
The orc warrior hits you with a war axe!
* * * LOW HITPOINT WARNING * * *
Unknown command.
You hit the orc knight but do no damage.
You headbutt the orc knight.
You kill the orc knight!
Okawaru accepts your kill.
The orc warrior hits you with a war axe!
You die...

.....# #..o........#
##.## ..##.#
#...#...#...# ###
.....# #.........#
.....# #..#...#..#
.....# #.......##
....## ###.#ยง###
.....# #.....# .....#
###.#o### .#...#
##....oo@## ##...#
#..#...#).# ....#
##..)))....## ...
#...#)..#...# .##
####..)))......#
..##.##...)#)..#....#
..#..##.............#
...# #....#...#....#
#.### #.............#


You could see 3 orc warriors.

Vanquished Creatures
  Donald (Orc:4)
  An orc warlord (Orc:4)
  A fire dragon (D:14)
  Josephine (D:12)
  8 vault guards (D:13)
  2 hydras
  A centaur warrior (D:14)
  2 tengu warriors
  A shock serpent (shapeshifter) (D:14)
  3 orc high priests (Orc:4)
  An unseen horror (D:13)
  7 orc knights
  2 manticores (D:13)
  4 hill giants
  A griffon (D:13)
  2 cyclopes (D:14)
  A faun (shapeshifter) (D:12)
  8 ugly things
  3 centaur zombies
  A gargoyle (D:12)
  3 kobold demonologists (D:14)
  2 trolls
  A freezing wraith (D:13)
  2 two-headed ogres
  A merfolk (shapeshifter) (D:14)
  A snapping turtle (shapeshifter) (D:14)
  5 ravens
  12 slime creatures
  A trapdoor spider zombie (D:11)
  5 wraiths
  A deep elf mage (D:10)
  21 yaks
  3 wyverns
  5 hungry ghosts
  A soldier ant (D:14)
  2 vampire mosquitoes (D:12)
  3 hippogriffs
  19 orc warriors
  2 water moccasins (D:14)
  The ghost of Musteatbrain the Cudgeler, an average OgBe of Trog (D:4)
  An ice beast (D:12)
  8 ogres
  4 sky beasts
  A black bear (D:13)
  2 eyes of draining (D:12)
  A necrophage (D:10)
  2 phantoms
  A boggart (D:14)
  4 centaurs
  A crocodile (D:14)
  Duvessa (D:5)
  3 giant frogs
  2 big kobolds
  2 wyvern zombies
  A wyvern skeleton (D:11)
  6 scorpions
  3 electric eels
  24 killer bees
  A vampire bat (D:5)
  Dowan (D:5)
  3 goliath beetles
  7 jellies
  A giant frog zombie (D:9)
  2 giant frog skeletons
  5 crimson imps
  2 quasits
  7 hounds
  2 iguanas
  25 orc priests
  17 orc wizards
  2 centaur skeletons
  14 worker ants
  Ijyb (D:2)
  Jessica (D:2)
  2 big kobold zombies (Ossuary)
  Terence (D:2)
  2 hound skeletons
  9 mummies
  A worker ant zombie (D:5)
  11 gnolls
  10 adders
  2 river rats (D:10)
  3 giant mites
  3 worms
  6 shadow imps
  An adder skeleton (D:8)
  3 fire bats (D:5)
  3 giant geckos
  7 oozes
  122 orcs
  2 spectral bats (D:5)
  3 bat skeletons (D:5)
  2 bat zombies
  6 giant cockroaches
  A gnoll zombie (Ossuary)
  18 goblins
  20 hobgoblins
  4 quokkas
  2 ball pythons
  24 bats
  A bat simulacrum (D:5)
  6 giant newts
  5 jackals
  26 kobolds
  3 kobold zombies (Ossuary)
  2 orc zombies (Ossuary)
  24 rats
  3 ballistomycetes (D:7)
  3 fungi
  A plant (D:10)
642 creatures vanquished.

Vanquished Creatures (others)
  2 giant spores
2 creatures vanquished.

Grand Total: 644 creatures vanquished

Notes
Turn   | Place    | Note
--------------------------------------------------------------
     0 | D:1      | Peloso, the Minotaur Fighter, began the quest for the Orb.
     0 | D:1      | Reached XP level 1. HP: 19/19 MP: 1/1
   131 | D:1      | Reached XP level 2. HP: 22/27 MP: 1/1
   289 | D:1      | Reached skill level 4 in Fighting
   688 | D:2      | Noticed Jessica
   694 | D:2      | Killed Jessica
   694 | D:2      | Reached skill level 1 in Dodging
   694 | D:2      | Reached XP level 3. HP: 19/33 MP: 2/2
   736 | D:2      | Noticed Terence
   740 | D:2      | Killed Terence
   818 | D:2      | Noticed Ijyb
   836 | D:2      | Killed Ijyb
   836 | D:2      | Reached XP level 4. HP: 6/40 MP: 2/2
  1417 | D:3      | Reached XP level 5. HP: 31/46 MP: 2/2
  1630 | D:3      | Reached skill level 5 in Shields
  2182 | D:4      | Found Nuhy's Armour Shop.
  2187 | D:4      | Bought a +2 cloak of poison resistance for 203 gold pieces
  2246 | D:4      | Noticed Musteatbrain's ghost (average OgBe)
  2266 | D:4      | Killed Musteatbrain's ghost
  2266 | D:4      | Reached XP level 6. HP: 42/53 MP: 3/3
  2293 | D:4      | Found Ycael's Book Emporium.
  2429 | D:4      | Found Asackigi's Armour Boutique.
  2531 | D:4      | Found a sacrificial altar of Ru.
  2540 | D:4      | Reached skill level 5 in Armour
  2556 | D:4      | Noticed an ogre
  2568 | D:4      | Killed an ogre
  2568 | D:4      | Reached skill level 6 in Shields
  2568 | D:4      | Reached XP level 7. HP: 38/60 MP: 3/3
  3074 | D:5      | Entered Level 5 of the Dungeon
  3087 | D:5      | Reached skill level 5 in Fighting
  3087 | D:5      | Reached skill level 5 in Long Blades
  3205 | D:5      | Found a blossoming altar of Fedhas.
  3295 | D:5      | Found Acept's Magic Scroll Boutique.
  3458 | D:5      | Found a radiant altar of Vehumet.
  3516 | D:5      | Noticed Duvessa
  3516 | D:5      | Noticed Dowan
  3526 | D:5      | Killed Duvessa
  3529 | D:5      | Killed Dowan
  3589 | D:5      | Found a staircase to the Ecumenical Temple.
  3595 | Temple   | Entered the Ecumenical Temple
  3644 | Temple   | Became a worshipper of Warmaster Okawaru
  3799 | D:5      | Reached skill level 7 in Shields
  3933 | D:5      | Reached XP level 8. HP: 68/68 MP: 3/3
  4449 | D:6      | Found an opulent altar of Gozag.
  4458 | D:6      | Acquired Okawaru's first power
  4492 | D:6      | Reached skill level 8 in Shields
  5341 | D:7      | Found a sparkling altar of Nemelex Xobeh.
  5360 | D:7      | Found a sand-covered staircase.
  5415 | Ossuary  | Entered an ossuary
  5467 | Ossuary  | Reached XP level 9. HP: 69/75 MP: 4/4
  5478 | Ossuary  | Reached skill level 5 in Dodging
  5829 | D:7      | Reached skill level 9 in Shields
  6664 | D:7      | Found a shadowy altar of Dithmenos.
  6727 | D:7      | Found a shimmering altar of Xom.
  6727 | D:7      | Found a shimmering altar of Xom.
  6775 | D:7      | Found a shimmering altar of Xom.
  6775 | D:7      | Found a shimmering altar of Xom.
  6775 | D:7      | Found a shimmering altar of Xom.
  6776 | D:7      | Found a shimmering altar of Xom.
  8022 | D:9      | Got a bloodstained flail
  8023 | D:9      | Identified the +11 flail "Doduss" {antimagic, Str+4} (You found it on level 9 of the Dungeon)
  8076 | D:9      | Reached skill level 1 in Stealth
  8236 | D:9      | Reached skill level 10 in Shields
  8345 | D:9      | Reached skill level 1 in Maces & Flails
  8529 | D:9      | Found a staircase to the Orcish Mines.
  8647 | D:10     | Entered Level 10 of the Dungeon
  8721 | D:10     | Reached XP level 10. HP: 86/86 MP: 1/4
  9017 | D:10     | Found a staircase to the Lair.
  9298 | D:10     | Found Daurchuu's Distillery.
  9567 | D:11     | Noticed an eight-headed hydra
  9585 | D:11     | Killed an eight-headed hydra
  9585 | D:11     | Reached skill level 11 in Shields
  9691 | D:11     | Noticed a hill giant
  9699 | D:11     | Killed a hill giant
  9767 | D:11     | Acquired Okawaru's second power
  9767 | D:11     | Reached skill level 5 in Maces & Flails
  9904 | D:11     | Noticed a white ugly thing
  9914 | D:11     | Killed a white ugly thing
  9983 | D:11     | Noticed a hill giant
  9993 | D:11     | Killed a hill giant
  9993 | D:11     | Reached XP level 11. HP: 32/95 MP: 1/4
 10416 | D:4      | Bought a +1 buckler of protection for 231 gold pieces
 11713 | D:12     | Received a gift from Okawaru
 11723 | D:12     | Reached skill level 12 in Shields
 11754 | D:12     | Identified a +0 pair of boots of running (Okawaru gifted it to you on level 12 of the Dungeon)
 11782 | D:12     | Reached skill level 10 in Armour
 11785 | D:12     | Got a pitted dagger
 11786 | D:12     | Identified the +11 dagger "Idit" {pierce, Str+2 Stlth+} (You found it on level 12 of the Dungeon)
 11965 | D:12     | Noticed an anaconda
 11968 | D:12     | an anaconda changed into a faun
 12135 | D:12     | Got a bloodstained rapier
 12136 | D:12     | Identified the +6 rapier of Twuatoufa {flame, +Blink rC+ MR- Dex+2} (You found it on level 12 of the Dungeon)
 12455 | D:12     | Reached skill level 10 in Fighting
 12565 | D:13     | Reached skill level 1 in Short Blades
 12719 | D:13     | Found a gate to the Vaults.
 12719 | D:13     | Noticed a vault guard
 12719 | D:13     | Noticed a vault guard
 12719 | D:13     | Noticed a vault guard
 12719 | D:13     | Noticed a vault guard
 12719 | D:13     | Noticed a vault guard
 12720 | D:13     | Noticed a vault guard
 12720 | D:13     | Noticed a vault guard
 12720 | D:13     | Noticed a vault guard
 12729 | D:13     | Killed a vault guard
 12729 | D:13     | Reached XP level 12. HP: 103/106 MP: 1/5
 12734 | D:13     | Killed a vault guard
 12745 | D:13     | Killed a vault guard
 12754 | D:13     | Killed a vault guard
 12754 | D:13     | Received a gift from Okawaru
 12761 | D:13     | Killed a vault guard
 12761 | D:13     | Reached skill level 13 in Shields
 12772 | D:13     | Killed a vault guard
 12782 | D:13     | Killed a vault guard
 12790 | D:13     | Killed a vault guard
 12891 | D:12     | Noticed Josephine
 12902 | D:12     | Killed Josephine
 13690 | D:13     | Reached skill level 10 in Maces & Flails
 13897 | D:14     | Received a gift from Okawaru
 13900 | D:14     | Got a bloodstained demon whip {god gift}
 13901 | D:14     | Identified the +4 demon whip of the Hierophant {elec, +Rage rF+ MP-9} (Okawaru gifted it to you on level 14 of the Dungeon)
 13915 | D:14     | Noticed a centaur warrior
 13915 | D:14     | Noticed a six-headed hydra
 13935 | D:14     | Reached XP level 13. HP: 105/118 MP: 1/5
 13947 | D:14     | Noticed a fire dragon
 14389 | D:14     | Killed a six-headed hydra
 14982 | D:14     | Killed a fire dragon
 15217 | D:13     | Received a gift from Okawaru
 15220 | D:13     | Got a spiked leather armour {god gift}
 15400 | D:13     | Identified the +5 leather armour of the Country {rElec Str+4 Dex-5} (Okawaru gifted it to you on level 13 of the Dungeon)
 15451 | D:14     | Reached skill level 14 in Shields
 15649 | D:14     | Killed a centaur warrior
 15904 | D:14     | Got a brightly glowing leather armour
 15915 | D:14     | Identified the +3 leather armour "Trusted Companion" {-Cast rElec Dex+3 SInv Stlth+} (You found it on level 14 of the Dungeon)
 16004 | D:14     | Got a sparkling platinum ring
 16006 | D:14     | Identified the ring "Khihiong" {Contam MR+ MP-9 Str+4 Int+3 Slay+2} (You found it on level 14 of the Dungeon)
 16067 | D:14     | Got a smoking war axe
 16077 | D:14     | Got a polished hunting sling
 16086 | D:14     | Identified the +4 hunting sling of Teesamad {venom, MR+} (You found it on level 14 of the Dungeon)
 16087 | D:14     | Identified the +7 war axe of Superiority {flame, +Rage rElec} (You found it on level 14 of the Dungeon)
 16879 | Orc:1    | Entered Level 1 of the Orcish Mines
 16918 | Orc:1    | Found Luecriv's Weapon Shop.
 17102 | Orc:1    | Found a burning altar of Makhleb.
 17442 | Orc:2    | Found Olem's Weapon Emporium.
 17502 | Orc:2    | Found Osudghuz's Assorted Antiques.
 17752 | Orc:4    | Entered Level 4 of the Orcish Mines
 17752 | Orc:4    | Found a staircase to the Elven Halls.
 17810 | Orc:4    | Noticed Donald
 17830 | Orc:4    | Killed Donald
 17906 | Orc:3    | Noticed an orc warlord
 17936 | Orc:4    | Killed an orc warlord
 18464 | Orc:4    | Found Joolien's Jewellery Shoppe.
 19345 | Orc:4    | Reached XP level 14. HP: 85/129 MP: 0/5
 19781 | Orc:4    | Received a gift from Okawaru
 19813 | Orc:4    | Slain by an orc warrior

Action                   |  1- 3 |  4- 6 |  7- 9 | 10-12 | 13-15 || total
-------------------------+-------+-------+-------+-------+-------++-------
Melee: Long sword        |    78 |   175 |   546 |       |       ||   799
       Flail             |       |       |    48 |   490 |   494 ||  1032
       Rapier            |       |       |       |   115 |     6 ||   121
       Demon whip        |       |       |       |       |    42 ||    42
Invok: Heroism           |       |       |     2 |       |       ||     2
  Use: Scroll            |       |     8 |     8 |     3 |    10 ||    29
       Potion            |       |     1 |       |     4 |     1 ||     6
  Eat: Chunk             |       |     4 |    18 |    13 |    14 ||    49
       Pizza             |       |       |     1 |       |       ||     1
       Fruit             |       |       |     1 |     4 |     5 ||    10
       Beef jerky        |       |       |     1 |     1 |       ||     2
